[Event "Saint Louis Rapid & Blitz 2023"]
[Site "Saint Louis"]
[Date "2023.11.14"]
[Round "1"]
[White "Sevian, Samuel"]
[Black "Nepomniachtchi, Ian"]
[Result "1-0"]
[WhiteElo "2581"]
[BlackElo "2789"]
[ECO "A22"]
[EventDate "2023.??.??"]
[Annotator "rafael"]
[PlyCount "59"]
[Beauty "8250095362097"]
[EventType "blitz"]
[TimeControl "600+5"]

1.c4 Nf6 2.Nc3 e5 3.g3 Bb4 4.Bg2 O-O 5.e4 {An interesting sideline of the English Opening.} 5...Bxc3 6.bxc3 c6 {Black's plan is to play d5 quickly.} 7.Nf3 $5 {[%c_effect f3;square;f3;type;Interesting;persistent;true] A fresh move that has been played by strong GMs.} ( 7.Ne2 {is the most popular choice.} ) 7...d5 {Nepomniachtchi is, as usual, very well-prepared.} ( 7...Nxe4 {is an important alternative.} 8.O-O ( 8.Nxe5 Re8 9.d4 d6 ( 9...Nxc3 10.Qf3 d6 11.Qxf7+ $1 Kh8 12.Bg5 $1 Qd7 13.Kd2 $1 dxe5 14.Qxd7 Nxd7 15.Kxc3 exd4+ 16.Kxd4 {leads to a slightly better endgame for White. A good illustration that you don't have to worry so much with a centralized king when the queens are not on the board.} ) 10.Bxe4 dxe5 {with equal play in Jones-Gupta, Reykjavik op 2016.} ) 8...d6 9.Nxe5 dxe5 ( 9...Nc5 10.Ng4 {was played in Svidler-Aronian, Candidates Tournament Moscow 2016.} ) 10.Bxe4 {with equality.} ) 8.cxd5 cxd5 9.exd5 Nxd5 10.O-O Nc6 11.Re1 e4 $1 {[%c_effect e4;square;e4;type;GreatFind;persistent;true] A strong opening novelty.} ( 11...Re8 {was played by Caruana:} 12.d4 exd4 13.Bg5 Rxe1+ 14.Qxe1 Qd6 15.Nxd4 Nxd4 16.Rd1 {Here Black has to find the excellent} 16...Bh3 $1 ( 16...Qe6 $6 17.Bxd5 Qxe1+ 18.Rxe1 {with a clear advantage for White in Xiong-Caruana, Saint Louis Rapid 2022.} ) 17.Rxd4 Bxg2 18.Kxg2 Qc6 {with an equal position.} ) 12.Nd4 Nxd4 13.cxd4 Bf5 ( 13...Nf6 {is a good option: Black has no problems.} ) 14.d3 $1 {[%c_effect d3;square;d3;type;GreatFind;persistent;true] Much better than} ( 14.Bxe4 Bxe4 15.Rxe4 {when Black has excellent compensation for the pawn, since the d-pawns are doubled and the d5-knight is a great piece.} ) 14...exd3 15.Qf3 ( 15.Ba3 {leads to a draw after optimal play:} 15...Nc3 $1 16.Qd2 Ne2+ ( 16...Qxd4 $2 {[%c_effect d4;square;d4;type;Mistake;persistent;true] loses to} 17.Bb2 ) 17.Rxe2 dxe2 18.Bxf8 Qxf8 19.Qxe2 Qd6 {with many drawing lines.} ) 15...Qa5 $6 {[%c_effect a5;square;a5;type;Inaccuracy;persistent;true] The best formation for Black is to have the bishop on e6 and the queen on d7, so he should have gone for it immediately.} ( 15...Be6 16.Qxd3 ( 16.Re5 $6 {[%c_effect e5;square;e5;type;Inaccuracy;persistent;true] doesn't work after} 16...Nb4 $1 {[%c_effect b4;square;b4;type;GreatFind;persistent;true] The point is that the advance of the d-pawn is not dangerous:} 17.d5 Bxd5 $1 18.Rxd5 ( 18.Qg4 {is a better chance.} ) 18...Qxd5 19.Qxd5 Nxd5 20.Bxd5 d2 $1 21.Bxd2 Rad8 {winning material.} ) 16...Qd7 {The pair of bishops compensate for the strong knight. The computer assessment is equality, although my feeling is that it's more comfortable to play with Black.} ) 16.Bg5 $1 {[%c_effect g5;square;g5;type;GreatFind;persistent;true] Protecting the rook and developing the bishop.} ( 16.Re5 $2 {[%c_effect e5;square;e5;type;Mistake;persistent;true] is refuted by} 16...Qc3 ) 16...Be6 17.Qxd3 h6 $2 {[%c_effect h6;square;h6;type;Mistake;keyPressed;undefined;persistent;true][%c_arrow g5h6;keyPressed;none;from;g5;opacity;0.8;to;h6;persistent;false] The losing mistake.} ( 17...Rfe8 {is better. After} 18.Re5 f6 19.Bd2 Qd8 $1 {[%c_effect d8;square;d8;type;GreatFind;persistent;true] White has many tempting choices, but none leads to an objective advantage.} ) 18.Bxh6 $1 {[%c_effect h6;square;h6;type;GreatFind;keyPressed;undefined;persistent;true] The good old sacrifice on h6, probably one of the oldest tactical themes in chess.} 18...gxh6 19.Rxe6 $1 Nb4 ( 19...fxe6 {loses easily since the knight is captured after} 20.Qg6+ Kh8 21.Qxh6+ Kg8 22.Qxe6+ ) 20.Rg6+ ( 20.Qe4 {is also good enough:} 20...fxe6 21.Qg6+ Kh8 22.Qxh6+ Kg8 23.Re1 {with a winning attack.} ) 20...fxg6 ( 20...Kh7 21.Ra6+ $1 Nxd3 22.Rxa5 {with a technically winning endgame.} ) 21.Qxg6+ Kh8 22.Qxh6+ Kg8 23.Qg6+ ( 23.Re1 {is indicated by the machine as a strong alternative.} 23...Rfe8 24.Qg6+ Kf8 25.Be4 $1 {[%c_effect e4;square;e4;type;GreatFind;persistent;true] An important move. White prepares Re3-f3 and is winning in all lines.} ) 23...Kh8 24.Be4 {Bringing the bishop into the attack.} 24...Qc7 25.a3 $1 {[%c_effect a3;square;a3;type;GreatFind;persistent;true] It's important to remove the knight so that the bishop gains the important d5-square.} 25...Nc6 ( 25...Qf7 {is the best practical chance.} 26.Qh6+ Kg8 27.Qg5+ ( 27.axb4 {looks tempting, but somehow Black is still surviving after} 27...Qxf2+ 28.Kh1 Qf7 ) 27...Qg7 ( 27...Kh8 28.axb4 Qxf2+ 29.Kh1 Qf7 {Now White wins easily:} 30.Qe5+ $1 Qg7 31.Qh5+ Kg8 32.Bd5+ ) 28.Qxg7+ Kxg7 29.axb4 {The endgame is winning for White, but at least Black has managed to exchange queens.} ) 26.Qh6+ Kg8 27.Bd5+ Rf7 28.Re1 $1 {[%c_effect e1;square;e1;type;GreatFind;persistent;true] The final touch. The rook joins the attack.} 28...Ne7 29.Bxf7+ Kxf7 30.Qe6+ {A great game by Sevian.} ( 30.Qe6+ {White wins material:} 30...Kf8 ( 30...Ke8 31.Qg8+ ) 31.Qf6+ Ke8 32.Qh8+ ) 1-0

[Event "Saint Louis Rapid & Blitz 2023"]
[Site "Saint Louis"]
[Date "2023.11.17"]
[Round "16"]
[White "Vachier Lagrave, Maxime"]
[Black "So, Wesley"]
[Result "1-0"]
[WhiteElo "2771"]
[BlackElo "2753"]
[ECO "C88"]
[EventDate "2023.??.??"]
[Annotator "rafael"]
[PlyCount "89"]
[Beauty "7354481381942"]
[EventType "blitz"]
[TimeControl "600+5"]

1.e4 e5 2.Nf3 Nc6 3.Bb5 a6 4.Ba4 Nf6 5.O-O Be7 6.Re1 b5 7.Bb3 O-O 8.a4 Bb7 9.d3 d6 10.Nbd2 Nd7 11.c3 Nc5 12.axb5 axb5 13.Rxa8 Qxa8 14.Bc2 b4 15.d4 Nd7 {All of this is theory known to both players, but now comes a new idea.} 16.h4 {An interesting move for a blitz game. The advance of the h-pawn is typical in the Ruy Lopez and guarantees chances of attacking on the kingside.} 16...bxc3 17.bxc3 Qa1 {A natural move, activating the queen.} ( 17...Bf6 {is a good and solid move.} ) 18.d5 Na5 19.c4 {Black needs to be careful with the queen. White prepares Re3-a3.} 19...Nb6 20.c5 $6 {[%c_effect c5;square;c5;type;Inaccuracy;persistent;true] A little too optimistic.} ( 20.Bd3 {forces Black to play precisely, but equality can be achieved:} 20...Ba6 21.Qc2 Nb7 $1 22.Bb2 Qa4 23.Qc3 Qa5 ) 20...dxc5 21.Nf1 {As compensation for the pawn, White has a good pawn structure and chances of an attack on the kingside.} 21...Nac4 {Activating the knight before White plays 22.Ne3.} 22.Bd3 Nb2 23.Bxb2 Qxb2 24.Re2 $6 {[%c_effect e2;square;e2;type;Inaccuracy;persistent;true] A natural move in order to capture the e5-pawn but 24.Ne3 gives better chances for compensation.} ( 24.Ne3 ) 24...Qb4 25.Nxe5 c4 $1 26.Bc2 Bxh4 {This pawn seemed somewhat forgotten in the corner of the board, but why not capture it $2} 27.Nf3 Be7 28.Ne3 Rd8 $6 {[%c_effect d8;square;d8;type;Inaccuracy;persistent;true] An unlucky square for the rook, which will be attacked later.} ( 28...Ra8 $1 {[%c_effect a8;square;a8;type;GreatFind;persistent;true] is better, when Black has the advantage after} 29.Nf5 Bf8 30.Qc1 Bc8 $1 {[%c_effect c8;square;c8;type;GreatFind;persistent;true] since 31.Qg5 no longer threatens the rook.} ) 29.Nf5 Bf8 30.Qc1 $1 {[%c_effect c1;square;c1;type;GreatFind;persistent;true] The queen is coming to attack and the position becomes dangerous.} 30...Bc8 $2 ( 30...Re8 {It's better to fix the position of the rook.} 31.Qg5 g6 32.Nh6+ Bxh6 33.Qxh6 Qf8 {when Black is not worse.} ) 31.Qg5 f6 32.Nh6+ Kh8 33.Ne5 $3 {[%c_effect e5;square;e5;type;Brilliant;persistent;true] This beautiful move is the point of White's play and was probably missed by So. He reacts very well and finds the only defense.} 33...Rd7 $1 ( 33...fxg5 34.Nef7# ) 34.Nef7+ Rxf7 35.Nxf7+ Kg8 36.Nh6+ Kh8 37.Qf4 {Vachier-Lagrave is not interested in perpetual check.} 37...gxh6 38.Qxf6+ Bg7 $2 {[%c_effect g7;square;g7;type;Mistake;persistent;true] This is a mistake, but the correct sequence is impossible to find in a blitz game.} ( 38...Kg8 39.Re3 Bg4 $1 {[%c_effect g4;square;g4;type;GreatFind;persistent;true] The only move, but now Black survives.} 40.Qf4 ( 40.Rg3 h5 {The pin cannot be exploited.} ) 40...h5 {with big complications where the chances are balanced.} ) 39.Qd8+ Qf8 $2 ( 39...Bf8 40.Qxc7 Qd6 {offers better chances of survival.} ) 40.Qxc7 Bg4 41.Re3 $2 ( 41.f3 {is necessary:} 41...Bd4+ 42.Kh1 $1 {[%c_effect h1;square;h1;type;GreatFind;persistent;true] The only good square for the king.} ( 42.Kh2 $2 Qf6 ) ( 42.Kf1 Bxf3 43.gxf3 Qxf3+ 44.Ke1 Bc3+ 45.Rd2 Qe3+ 46.Kf1 Qxd2 47.Qd8+ Kg7 48.Qc7+ {with a draw.} ) 42...Qf6 ( 42...Bxf3 {doesn't work since there's no perpetual after} 43.gxf3 Qxf3+ 44.Rg2 Qh3+ 45.Qh2 ) 43.Qg3 Bh5 44.e5 Qg5 45.Qxg5 hxg5 46.d6 {with a winning position for White.} ) 41...Nd7 $2 ( 41...Bd4 $1 {[%c_effect d4;square;d4;type;GreatFind;persistent;true] Black has to play this active move. After} 42.e5 Nd7 43.e6 Bxe3 44.fxe3 Nf6 45.Qxc4 Qa3 {he is not in danger of losing anymore.} ) 42.e5 $1 {[%c_effect e5;square;e5;type;GreatFind;persistent;true] The pawns march forward.} 42...Qf4 ( 42...Qa8 {gives some practical chances, but isn't enough to save the game.} 43.Bd1 $1 {[%c_effect d1;square;d1;type;GreatFind;persistent;true] The most accurate.} ( 43.Qxc4 {should also be enough after} 43...Nxe5 44.Qe4 Kg8 45.Qxh7+ Kf8 46.Qe4 ) 43...Qa1 ( 43...Bxd1 44.Qxd7 {The pawns are unstoppable.} ) 44.Qc8+ Bf8 45.Re1 Qc3 46.Rf1 {with a win for White.} ) 43.Qd8+ Nf8 44.e6 $1 Bh5 45.e7 1-0

[Event "Saint Louis Rapid & Blitz 2023"]
[Site "Saint Louis"]
[Date "2023.11.18"]
[Round "27"]
[White "Caruana, Fabiano"]
[Black "Vachier Lagrave, Maxime"]
[Result "1/2-1/2"]
[WhiteElo "2765"]
[BlackElo "2771"]
[ECO "D47"]
[EventDate "2023.??.??"]
[Annotator "rafael"]
[PlyCount "128"]
[Beauty "4953171045908"]
[EventType "blitz"]
[TimeControl "600+5"]

1.d4 Nf6 2.c4 e6 3.Nc3 d5 4.Nf3 c6 5.e3 Nbd7 6.Bd3 dxc4 7.Bxc4 b5 8.Be2 $5 {[%c_effect e2;square;e2;type;Interesting;persistent;true] I wouldn't call this move a \"sideline\", but it's much less popular than 8.Bd3.} ( 8.Bd3 ) 8...a6 {Black has many ways to play and I leave the subtleties of move orders to the Semi-Slav experts. Some possibilities:} ( 8...Bb7 9.O-O a6 ( {Or} 9...b4 10.Na4 Be7 11.b3 O-O 12.Bb2 {when the position is close to equality.} ) 10.e4 c5 11.d5 exd5 12.e5 Ne4 13.Nxd5 {Along these lines we begin to observe the advantage of having the bishop on e2 and not on d3: the queen has an expanded range of action on the d-file.} 13...Nxe5 14.Nxe5 Qxd5 15.Qxd5 Bxd5 16.Rd1 Be6 17.a4 {Practice has shown that the position is equal, but Black must still be accurate.} ) 9.O-O ( 9.e4 {is an important alternative.} 9...b4 ( 9...c5 $2 10.e5 cxd4 11.Qxd4 {With a clear advantage for White. Again we see the plus side of having the bishop on e2.} ) 10.e5 bxc3 11.exf6 Nxf6 $1 ( 11...cxb2 $6 12.fxg7 Bxg7 ( 12...bxa1=Q $2 13.gxh8=Q {The human imagination is always drawn to positions with four queens on the board, but they are usually more fun if enjoyed from afar rather than on our own board. Here White has a decisive advantage.} ) 13.Bxb2 {with the better position.} ) 12.bxc3 Bd6 13.O-O O-O {with good chances of equalizing.} ) 9...c5 ( 9...Bb7 10.e4 {transposes to the lines seen above.} ) 10.d5 exd5 ( 10...e5 {is positionally dubious, as the pawn on d5 is very strong and White can create a path on the queenside with the move a2-a4 at some point.} 11.Nd2 ) 11.Nxd5 Bb7 12.Nxf6+ Nxf6 ( 12...Qxf6 $1 {[%c_effect f6;square;f6;type;GreatFind;persistent;true] is more accurate, with a balanced game after} 13.a4 b4 14.e4 h6 ) 13.a4 b4 14.b3 {A new move. Caruana's game is a little passive at this point, perhaps influenced by the fact that he just needed a draw.} ( 14.Ne5 Bd6 15.Nc4 Bc7 {is slightly better for White: Maghsoodloo-Xiong, Aimchess Rapid 2023.} ) ( 14.Qxd8+ Rxd8 15.Ne5 {led to a win for White in Aronian-Donchenko, Meissen 2013.} ) 14...Bd6 15.Bb2 O-O 16.h3 {White has an excellent square for a knight or bishop on c4, but Black has a potent pair of bishops pointing at White's king, plus free development. The position is balanced.} 16...Ne4 17.Qc2 Qe7 18.Rad1 Rad8 19.Bc4 Ng5 ( 19...Bc7 {is simpler.} ) 20.Nxg5 Qxg5 21.f4 Qe7 22.Qe2 ( 22.Rde1 {give some hope of fighting for the initiative. For instance:} 22...Rfe8 ( 22...Be4 23.Qe2 ) 23.Qf5 $5 {[%c_effect f5;square;f5;type;Interesting;persistent;true] followed by 24.Qg4.} ) 22...Bc7 23.Rfe1 Kh8 $6 {[%c_effect h8;square;h8;type;Inaccuracy;persistent;true] Vachier-Lagrave wants to place the pawn on f6 to reduce the strength of the white bishops—an understandable decision. The machine, however, prefers} ( 23...a5 24.Qg4 g6 ) 24.Qg4 f6 25.Qe6 $6 ( 25.Rxd8 $1 {[%c_effect d8;square;d8;type;GreatFind;persistent;true] gives White a comfortable advantage after} 25...Rxd8 26.e4 $1 {[%c_effect e4;square;e4;type;GreatFind;persistent;true] This is the move that White is always looking for, and here it is possible since a capture leads to defeat.} 26...Bxe4 $2 27.f5 Re8 28.Re3 {The e4-bishop is pinned forever (until the moment it will be captured).} ) 25...Qxe6 26.Bxe6 Be4 {The position is equal again.} 27.Bc4 a5 28.Kf2 h5 29.g3 Kh7 30.Ke2 Kg6 31.Bd3 Bxd3+ 32.Rxd3 Rxd3 33.Kxd3 Rd8+ {We will have some interesting adventures in this endgame, which can be explained by the importance of the game and, mainly, by the little time on the clock.} 34.Ke2 ( 34.Kc4 {is also possible.} 34...Rd2 35.Ba1 ( 35.Bc1 Rc2+ 36.Kb5 Rc3 ( 36...Kf7 ) 37.Bb2 Rxb3 38.Re2 Rd3 39.Kxc5 {with equality.} ) 35...Rc2+ 36.Kb5 Kf7 {with a likely draw.} ) 34...c4 $6 {[%c_effect c4;square;c4;type;Inaccuracy;persistent;true] A bold decision. Needing victory, Vachier-Lagrave sacrifices a pawn in an attempt to complicate the game.} ( 34...Kf5 35.Rc1 Bd6 36.Kf3 Ke6 37.e4 {should end in a draw.} ) ( 34...Re8 35.Kd3 ( 35.Rd1 h4 $1 ) 35...Rd8+ 36.Ke2 {with a move repetition.} ) 35.bxc4 Bb6 36.c5 $6 {[%c_effect c5;square;c5;type;Inaccuracy;persistent;true] There is no need to return the pawn.} ( 36.e4 f5 $1 37.e5 Kf7 {Black is OK.} ) ( 36.g4 $1 {[%c_effect g4;square;g4;type;GreatFind;persistent;true] is the best move, saving e4 for the moment when Black cannot play f6-f5. White has a clear advantage.} ) 36...Bxc5 37.Rc1 Bf8 {Again the endgame is equal. There are many possibilities for both sides in the next few moves, but I will advance the analysis to the next moment of emotion.} 38.g4 hxg4 39.hxg4 b3 $1 40.Rc3 Rb8 41.Rc4 Bb4 42.Kd3 Rh8 43.Rc1 Rh4 44.Bd4 Rxg4 45.Rb1 Rg2 46.Rxb3 Ra2 47.e4 Rxa4 48.Rb1 {White has lost a pawn, but has enough activity for a draw.} 48...Kf7 49.Rc1 Ra3+ 50.Kc4 Bd2 51.Rf1 Rh3 ( 51...a4 52.f5 {with the idea of Rb1-b7.} ) 52.Ra1 ( 52.f5 {is also possible.} ) 52...Bxf4 53.Rxa5 Be3 $6 {[%c_effect e3;square;e3;type;Inaccuracy;persistent;true] This allows an immediate draw.} 54.Bc3 ( 54.Ra3 $1 {[%c_effect a3;square;a3;type;GreatFind;persistent;true] with a draw in many ways, for example:} 54...Bxd4 55.Rxh3 Be5 ) 54...Bf2 55.Ra6 Re3 56.e5 $2 {[%c_effect e5;square;e5;type;Mistake;persistent;true] Now White is losing.} ( 56.Ra7+ Kg6 57.Re7 {This is necessary, with excellent drawing chances.} ) 56...fxe5 57.Bd2 Re2 $2 {[%c_effect e2;square;e2;type;Mistake;persistent;true] An unfortunate square for the rook.} ( 57...Rf3 58.Bc3 Rf6 {keeps the two-pawn advantage and a winning position.} ) 58.Kd3 {The rook is trapped and the game quickly ends in a draw.} 58...Rxd2+ 59.Kxd2 Bd4 60.Kd3 g5 61.Ke4 Ke7 62.Rg6 Kf7 63.Rxg5 Ke7 64.Rxe5+ Bxe5 1/2-1/2